 Dungeon Crawl Stone Soup version 0.17.0-73-gb648821 (webtiles) character file.

2223 Rationalist the Blocker (level 9, -10/71 HPs)
             Began as a Formicid Fighter on Dec 9, 2015.
             Was a Follower of Qazlal.
             Splashed by an oklob plant's acid (16 damage)
             ... on level 6 of the Dungeon.
             The game lasted 00:11:10 (7146 turns).

Rationalist the Blocker (Formicid Fighter)          Turns: 7146, Time: 00:11:11

Health: -10/71     AC:  1    Str: 21    XL:     9   Next: 62%
Magic:  9/9        EV: 13    Int:  8    God:    Qazlal [*.....]
Gold:   245        SH: 12    Dex: 11    Spells: 0 memorised, 8 levels left

rFire  + . .     SeeInvis +     J - +0 hand axe (chop)
rCold  . . .     Clarity  .     h - +2 robe {rF+}
rNeg   . . .     SustAt   .     c - +0 shield
rPois  .         Gourm    .     (helmet unavailable)
rElec  .         Spirit   .     (no cloak)
rCorr  .         Warding  .     (no gloves)
rMut   .         Stasis   +     (no boots)
MR     .....                    (no amulet)
Stlth  ++........               (no ring)
                                q - +5 ring of slaying

@: corroded equipment, not resistant to hostile enchantments, unstealthy
A: permanent stasis, dig shafts and tunnels, four strong arms, antennae 3,
rugged brown scales 1, clumsy 1, screaming 1
a: Dig, Shaft Self, Renounce Religion


You were on level 6 of the Dungeon.
You worshipped Qazlal.
Qazlal was aware of your devotion.
You were near starving.

You visited 2 branches of the dungeon, and saw 7 of its levels.

You collected 245 gold pieces.

Inventory:

Hand Weapons
 F - a +2 hunting sling of flaming
 J - a +0 hand axe of chopping (weapon)
Missiles
 m - 30 sling bullets
 x - 9 silver bolts
 G - 26 bolts
Armour
 c - a +0 shield (worn)
 h - a +2 robe of fire resistance (worn)
Jewellery
 q - a +5 ring of slaying (left hand)
 u - an uncursed ring of protection from magic
 y - a +5 ring of strength
 C - an uncursed ring of stealth
Wands
 A - a wand of magic darts (21)
Scrolls
 a - a scroll of identify
 b - 2 scrolls of blinking {unknown}
 k - 3 scrolls of fear
 l - a scroll of magic mapping {unknown}
 r - 2 scrolls of remove curse
 t - 2 scrolls of recharging {unknown}
 w - a scroll of random uselessness {unknown}
 z - 2 scrolls of noise {unknown}
 H - a scroll of enchant weapon {unknown}
Potions
 d - 2 potions of might
 f - a potion of cure mutation
 g - a potion of berserk rage {unknown}
 n - a potion of brilliance
 o - 2 potions of curing
 s - 5 potions of cancellation
 D - 2 potions of magic {unknown}
 E - a potion of flight {unknown}
 I - 3 potions of agility {unknown}
Books
 v - a book of Envenomations

   Spells                             Type                      Level
   a - Spider Form                    Transmutation/Poison         3
   b - Alistair's Intoxication        Transmutation/Poison         4
   c - Olgreb's Toxic Radiance        Poison                       4
   d - Poisonous Cloud                Conjuration/Poison/Air       6
Comestibles
 e - 4 bread rations
 i - 4 beef jerkies
 j - 2 meat rations
 p - a slice of pizza


   Skills:
 + Level 5.9 Fighting
 + Level 6.5 Axes
 + Level 2.0 Slings
 + Level 6.6 Armour
 + Level 3.6 Dodging
 + Level 1.6 Stealth
 + Level 8.0 Shields


You had 8 spell levels left.
You didn't know any spells.

Dungeon Overview and Level Annotations

Branches:
Dungeon (6/15)             Temple (1/1) D:5

Altars:
Dithmenos
Elyvilon
Fedhas
Makhleb
Nemelex Xobeh
Qazlal
Ru
Trog
Vehumet
Xom
Zin

Annotations:
D:6 exclusion: oklob plant


Innate Abilities, Weirdness & Mutations

You are under a permanent stasis effect.
You can dig through walls and to a lower floor.
Your four strong arms can wield two-handed weapons with a shield.
You have a pair of large antennae on your head (SInv).
You are partially covered in rugged brown scales (AC +1, +3% HP).
You are clumsy. (Dex -2)
You occasionally shout uncontrollably at your foes.


Message History

You destroy the fungus!
You extend your mandibles.
Really walk into a travel-excluded area?
You dig through the rock wall.
The oklob plant spits acid at you. The splash of acid hits you!
The acid burns!
You retract your mandibles.
The oklob plant spits acid at you. The splash of acid hits you!
The acid burns!
* * * LOW HITPOINT WARNING * * *
Drink which item? (? for menu, Esc to quit)
Okay, then.
Are you sure you want to shaft yourself?
You are near starving!
You begin to dig a shaft.
You continue digging a shaft.
The oklob plant spits acid at you. The splash of acid hits you!
* * * LOW HITPOINT WARNING * * *
The acid corrodes you!
The acid burns!
You die...

#..≈≈≈≈≈≈≈≈≈..PP###
P.≈≈≈≈≈≈≈≈≈≈≈.P.#P#
..≈≈≈≈...≈≈≈≈.P.PP#
P.≈≈≈≈._.≈≈≈≈....##
#.≈≈≈≈...≈≈≈≈....#
≈≈≈≈.≈≈≈≈≈.#..#
≈≈≈.≈≈≈≈...#.#
≈≈.≈≈≈...#..##
≈.≈≈..PP.@#P#
.....#P.P..##


.P.#PPPPP.%P# P#P##P.%%%PP# # PPPPP%PPP# PPPPPPP.P## ########### You could see
an oklob plant.

Vanquished Creatures
  The ghost of Clownie the Blocker, a novice FoFi (D:5)
  Sigmund (D:4)
  An ice beast (D:5)
  2 orc warriors (D:6)
  2 ogres (D:5)
  A centaur (D:5)
  A sky beast (D:6)
  A giant frog (D:6)
  2 crimson imps (D:6)
  2 giant frog zombies
  2 jellies (D:6)
  A centaur skeleton (D:5)
  3 orc priests
  A giant frog skeleton (D:4)
  9 orc wizards
  3 worker ants
  A hound zombie (D:5)
  A hound skeleton (D:6)
  6 gnolls
  12 adders
  2 oozes
  2 adder zombies (D:6)
  6 worms
  An adder skeleton (D:4)
  5 giant geckos
  25 orcs
  6 giant cockroaches
  11 hobgoblins
  4 jackals (D:3)
  A quokka (D:4)
  2 ball pythons (D:1)
  7 bats
  A giant gecko skeleton (D:4)
  5 giant newts
  8 goblins
  7 kobolds
  5 rats
  2 bushes (D:6)
  3 fungi (D:6)
  9 plants (D:6)
165 creatures vanquished.

Vanquished Creatures (others)
  A fungus (D:6)
1 creature vanquished.

Grand Total: 166 creatures vanquished

Notes
Turn   | Place    | Note
--------------------------------------------------------------
     0 | D:1      | Rationalist the Formicid Fighter began the quest for the Orb.
     0 | D:1      | Reached XP level 1. HP: 18/18 MP: 1/1
    85 | D:1      | Reached XP level 2. HP: 24/24 MP: 2/2
   175 | D:1      | Reached XP level 3. HP: 25/29 MP: 3/3
   444 | D:1      | Reached skill level 4 in Shields
   957 | D:2      | Reached XP level 4. HP: 33/37 MP: 4/4
  1033 | D:2      | Reached skill level 1 in Dodging
  1782 | D:2      | Reached XP level 5. HP: 39/42 MP: 5/5
  1869 | D:2      | Found a white marble altar of Elyvilon.
  2089 | D:3      | Found a burning altar of Makhleb.
  2500 | D:3      | Reached skill level 5 in Shields
  2500 | D:3      | Reached XP level 6. HP: 48/48 MP: 6/6
  3233 | D:4      | Noticed Sigmund
  3250 | D:4      | Killed Sigmund
  3250 | D:4      | Reached XP level 7. HP: 26/55 MP: 7/7
  3725 | D:4      | Reached skill level 5 in Armour
  4281 | D:5      | Entered Level 5 of the Dungeon
  4376 | D:5      | Found a shadowy altar of Dithmenos.
  4507 | D:5      | Reached skill level 6 in Shields
  4549 | D:5      | Reached skill level 5 in Fighting
  4549 | D:5      | Reached XP level 8. HP: 17/62 MP: 8/8
  4606 | D:5      | Noticed Clownie's ghost (novice FoFi)
  4621 | D:5      | Killed Clownie's ghost
  4621 | D:5      | Reached skill level 5 in Axes
  4621 | D:5      | Reached skill level 7 in Shields
  5039 | D:5      | Found a staircase to the Ecumenical Temple.
  5071 | Temple   | Entered the Ecumenical Temple
  5180 | Temple   | Became a worshipper of Qazlal Stormbringer
  5398 | D:5      | Reached XP level 9. HP: 68/68 MP: 9/9
  6164 | D:6      | Reached skill level 1 in Slings
  6413 | D:6      | Found a sacrificial altar of Ru.
  6477 | D:6      | Found a shadowy altar of Dithmenos.
  6497 | D:6      | Reached skill level 1 in Stealth
  6572 | D:6      | Reached * piety under Qazlal
  6644 | D:6      | Gained mutation: You are dopey. (Int -2) [mutagenic meat]
  6645 | D:6      | Gained mutation: You are clumsy. (Dex -2) [mutagenic meat]
  6646 | D:6      | Gained mutation: You are partially covered in rugged brown scales (AC +1, +3% HP). [mutagenic meat]
  6647 | D:6      | Lost mutation: You are dopey. (Int -2) [mutagenic meat]
  6649 | D:6      | Gained mutation: You occasionally shout uncontrollably at your foes. [mutagenic meat]
  6768 | D:6      | Reached skill level 8 in Shields
  6945 | D:6      | Found a blossoming altar of Fedhas.
  6970 | D:6      | Noticed an oklob plant
  7146 | D:6      | Splashed by an oklob plant's acid

Action                   |  1- 3 |  4- 6 |  7- 9 || total
-------------------------+-------+-------+-------++-------
Melee: War axe           |    96 |   203 |   114 ||   413
       Hand axe          |       |       |   282 ||   282
 Fire: Hunting sling     |       |       |    14 ||    14
 Abil: Dig               |       |     4 |     1 ||     5
       Shaft Self        |       |       |     1 ||     1
  Use: Scroll            |     3 |     4 |     2 ||     9
       Potion            |       |       |     2 ||     2
 Stab: Sleeping          |       |       |     1 ||     1
  Eat: Chunk             |       |     8 |    15 ||    23
       Fruit             |       |       |     2 ||     2
       Beef jerky        |       |       |     1 ||     1
